 Dungeon Crawl Stone Soup version 0.27-a0-1565-gad902ab807 (webtiles) character file.

Game seed: 12510116141541482108

26896 Demosthentine the Impaler (level 13, -27/108 HPs)
             Began as a Merfolk Gladiator on July 17, 2021.
             Was a High Priest of the Shining One.
             Annihilated by a titanic slime creature (42 damage)
             ... on level 12 of the Dungeon.
             The game lasted 00:14:28 (15343 turns).

Demosthentine the Impaler (Merfolk Gladiator)      Turns: 15343, Time: 00:14:28

Health: -27/108    AC: 10    Str: 17    XL:     13   Next: 28%
Magic:  0/20       EV: 21    Int:  7    God:    the Shining One [*****.]
Gold:   1313       SH: 15    Dex: 18    Spells: 12/12 levels left

rFire    + . .     SeeInvis .   o - +8 trident of the Octopus King {venom, rElec rPois Will+}
rCold    + . .     Faith    .   i - +0 buckler
rNeg     + + .     Spirit   +   b - +0 leather armour
rPois    +         Reflect  .   c - +0 helmet
rElec    +         Harm     .   C - scarf {rC+ rF+}
rCorr    .         Rampage  .   e - +0 pair of gloves {Stlth+}
Will     +....                  (no boots)
Stlth    +.........             k - amulet of guardian spirit
HPRegen  0.28/turn              g - +4 ring of protection
MPRegen  0.17/turn              (no ring)

@: divinely shielded, unable to read, glowing, studying Invocations
A: (nimble swimmer 2), mertail, inability to read while threatened
a: Renounce Religion, Divine Shield, Cleansing Flame, Summon Divine Warrior


You were on level 12 of the Dungeon.
You worshipped the Shining One.
The Shining One was extremely pleased with you.
You visited 2 branches of the dungeon, and saw 14 of its levels.
You visited the Abyss 1 time.
You also visited: Bailey.

You collected 1612 gold pieces.
You spent 299 gold pieces at shops.

Inventory:

Hand Weapons
 o - the +8 trident of the Octopus King (weapon) {venom, rElec rPois Will+}
   (You found it on level 4 of the Dungeon)

   It poisons the flesh of those it strikes.
   rElec:     It insulates you from electricity.
   rPois:     It protects you from poison.
   Will:      It increases your willpower.
 r - the +8 frozen axe "Frostbite" {freezing cloud, *Noise Fly rC+}
   (You took it off a deep elf pyromancer on level 10 of the Dungeon)

   It freezes those it strikes, dealing additional cold damage.
   It can also slow down cold-blooded creatures.
   It occasionally leaves clouds of freezing vapour upon striking a foe.
   It grants immunity to clouds of freezing vapour.
   rC:        It protects you from cold.
   Fly:       It grants you flight.
   *Noise:    It may make noises in combat.
Armour
 b - a +0 leather armour (worn)
 c - a +0 helmet (worn)
 e - a +0 pair of gloves of stealth (worn)
 i - a +0 buckler (worn)
 j - a +1 cloak
 C - a scarf of resistance (worn)
Jewellery
 g - a +4 ring of protection (left hand)
 k - an amulet of guardian spirit (around neck)
Wands
 h - a wand of flame (121)
 q - a wand of paralysis (9)
 s - a wand of iceblast (4)
 w - a wand of mindburst (9)
 y - a wand of charming (9)
Scrolls
 l - 2 scrolls of teleportation
 p - 3 scrolls of fog
 t - 3 scrolls of vulnerability
 v - 2 scrolls of brand weapon
 x - 11 scrolls of identify
 A - a scroll of enchant armour
Potions
 a - 10 potions of curing
 d - 3 potions of brilliance
 f - 2 potions of attraction
 m - a potion of flight
 n - a potion of ambrosia
 u - a potion of mutation
 B - a potion of lignification


   Skills:
 + Level 12.0 Fighting
 + Level 15.3 Polearms
 - Level 2.0 Throwing
 - Level 5.8 Armour
 + Level 14.2 Dodging
 - Level 4.0 Shields
 + Level 9.5 Invocations


You had 12 spell levels left.
You didn't know any spells.
Your spell library contained the following spells:

 Spells                   Type           Power      Damage    Failure   Level
 Foxfire                  Conj/Fire      0%         2x1d4     50%         1
 Sandblast                Erth           0%         2d4       50%         1
 Sting                    Tmut/Pois      0%         1d3       50%         1
 Blink                    Tloc           N/A        N/A       63%         2
 Ensorcelled Hibernation  Hex/Ice        0%         N/A       63%         2
 Passwall                 Tmut/Erth      0%         N/A       63%         2
 Poisonous Vapours        Pois/Air       0%         N/A       63%         2
 Conjure Flame            Conj/Fire      0%         6-21      86%         3
 Inner Flame              Hex/Fire       0%         N/A       86%         3
 Lesser Beckoning         Tloc           0%         N/A       86%         3
 Spider Form              Tmut/Pois      0%         N/A       86%         3
 Tukima's Dance           Hex            0%         N/A       86%         3
 Airstrike                Air            0%         N/A       99%         4
 Olgreb's Toxic Radiance  Pois           0%         N/A       99%         4
 Passage of Golubria      Tloc           N/A        N/A       99%         4
 Summon Lightning Spire   Summ/Air       0%         N/A       99%         4
 Lee's Rapid Deconstruct  Erth           0%         3d5*      100%        5
 Lightning Bolt           Conj/Air       0%         1d11      100%        5
 Manifold Assault         Tloc           0%         N/A       100%        5
 Yara's Violent Unravell  Hex/Tmut       0%         3d3       100%        5
 Shadow Creatures         Summ           N/A        N/A       100%        6


Dungeon Overview and Level Annotations

Branches:
Dungeon (13/15)            Temple (1/1) D:5            Lair (0/6) D:11
    Orc (0/2) D:9          Bailey (visited)
 Vaults: D:13-14

Altars:
Ashenzari
Cheibriados
Dithmenos
Elyvilon
Fedhas
Gozag
Hepliaklqana
Kikubaaqudgha
Makhleb
Nemelex Xobeh
Okawaru
Qazlal
Ru
Sif Muna
Trog
Uskayaw
Vehumet
Wu Jian
Xom
Yredelemnul
Zin
The Shining One

Shops:
D:1 [

Annotations:
D:3 3 runed translucent doors, Spaninq's ghost, amateur HODe


Innate Abilities, Weirdness & Mutations

((You are quick and stealthy near water. (Stealth+, EV+, Speed+++)))
Your lower body shifts to a powerful aquatic tail in water.
You sometimes lose the ability to read scrolls when taking damage.


Message History

You puncture the purple ugly thing!
The purple ugly thing is poisoned.
The purple ugly thing is moderately wounded.
You block the purple ugly thing's attack.
Unknown command.
You barely miss the purple ugly thing.
The purple ugly thing is moderately wounded.
The titanic slime creature completely misses you.
The purple ugly thing pecks you!
Unknown command.
You hit the purple ugly thing.
The purple ugly thing is moderately wounded.
Unknown command.
You puncture the purple ugly thing!
The purple ugly thing looks as sick as possible!
The purple ugly thing is heavily wounded.
The titanic slime creature hits you!!!
You feel threatened and lose the ability to read scrolls!
Ouch! That really hurt!
* * * LOW HITPOINT WARNING * * *
The purple ugly thing completely misses you.
You cannot read scrolls in your current state!
Unknown command.
You hit the purple ugly thing.
The purple ugly thing looks as sick as possible!
The purple ugly thing is heavily wounded.
The titanic slime creature completely misses you.
You impale the purple ugly thing!!
The purple ugly thing looks as sick as possible!
The purple ugly thing is almost dead.
The purple ugly thing pecks you!
* * * LOW HITPOINT WARNING * * *
You puncture the purple ugly thing!
The purple ugly thing is almost dead.
You block the titanic slime creature's attack.
The purple ugly thing barely misses you.
Unknown command.
You hit the purple ugly thing.
You kill the purple ugly thing!
The titanic slime creature hits you!!!
You die...

#..>..###..........
#.....# ###........
#..)..# #........
#.....# #........
###.### ######.##
#..# #.# #.## #.#
#J# ##.# ###@####
##..# #......# #[.##
#......# ####.####
#......# ###........
#......###..........
#......#...#).......
#......#.###........
#......#.# #........
#........# #........


You could see a titanic slime creature (very poisoned).

Vanquished Creatures
  A hydra (D:7)
  Erolcha (D:11)
  2 two-headed ogres (D:11)
  A centaur warrior (D:10)
  A thrashing horror (Abyss:2)
  Pikel (D:9)
  2 orc knights (Bailey)
  A wizard (D:10)
  4 cyclopes
  A deep elf pyromancer (D:10)
  2 ugly things
  A worldbinder (Abyss:2)
  An orange demon (Abyss:2)
  Maggie (D:8)
  3 kobold demonologists
  2 ancient zymes (Abyss:2)
  2 hellwings (Abyss:2)
  A yaktaur (shapeshifter) (Abyss:2)
  A silent spectre (Abyss:2)
  4 trolls
  2 polar bears (D:10)
  6 slime creatures
  A meliai zombie (D:11)
  2 vampires (D:12)
  An ettin skeleton (Abyss:2)
  2 wraiths (D:12)
  25 yaks
  Grum (D:8)
  2 wyverns
  Eustachio (D:5)
  2 large abominations (Abyss:2)
  4 acid dragons
  A water moccasin (D:8)
  2 small abominations (Abyss:2)
  4 black bears
  4 ice beasts
  10 orc warriors
  4 sky beasts
  Duvessa (D:7)
  A hornet zombie (D:8)
  3 ogres
  4 wolves (D:8)
  4 centaurs
  A lemure (D:9)
  2 phantoms
  3 bullfrogs
  4 scorpions
  Dowan (D:7)
  A water moccasin skeleton (D:6)
  8 wights
  9 electric eels
  2 howler monkeys
  A bullfrog zombie (D:6)
  3 centaur zombies
  2 bullfrog skeletons
  4 hounds
  2 jellies
  8 orc priests
  Crazy Yiuf (D:2)
  An iron imp (Abyss:2)
  7 orc wizards
  6 iguanas
  A hound zombie (D:3)
  A hound skeleton (D:4)
  A howler monkey zombie (D:3)
  6 adders
  17 gnolls
  A howler monkey skeleton (D:4)
  5 white imps
  A howler monkey simulacrum (D:10)
  An ufetubus (D:7)
  An adder skeleton (D:4)
  A worm (D:3)
  2 dart slugs
  43 orcs
  5 ball pythons
  3 endoplasms
  5 giant cockroaches
  20 goblins
  14 hobgoblins
  10 jackals
  6 quokkas
  3 bats
  A frilled lizard (D:1)
  2 kobolds
  4 rats
340 creatures vanquished.

Notes
Turn   | Place    | Note
-------+----------+-------------------------------------------
     0 | D:1      | Demosthentine the Merfolk Gladiator began the quest for the
                  | Orb.
     0 | D:1      | Reached XP level 1. HP: 16/16 MP: 1/1
    23 | D:1      | Found a faded altar of an unknown god.
   132 | D:1      | Reached XP level 2. HP: 15/23 MP: 2/2
   472 | D:1      | Found Ocsec's Antique Armour Shop.
   931 | D:2      | Found a runed translucent door.
   932 | D:2      | Noticed Crazy Yiuf
  1024 | D:2      | Reached XP level 3. HP: 25/28 MP: 3/3
  1118 | D:2      | Reached skill level 5 in Polearms
  1518 | D:2      | Reached skill level 1 in Armour
  1805 | D:2      | Identified a scroll of acquirement
  1805 | D:2      | Acquired 501 gold pieces
  1878 | D:1      | Bought a pair of embroidered gloves for 187 gold pieces
  1878 | D:1      | Bought a buckler for 112 gold pieces
  2006 | D:2      | Killed Crazy Yiuf
  2007 | D:2      | Reached XP level 4. HP: 21/35 MP: 4/4
  2258 | D:3      | Found a runed translucent gate.
  2258 | D:3      | Found a runed translucent gate.
  2258 | D:3      | Found a runed translucent gate.
  2258 | D:3      | Noticed Spaninq's ghost (amateur HODe)
  2260 | D:3      | Found a basalt altar of Yredelemnul.
  2416 | D:3      | Reached skill level 1 in Shields
  2416 | D:3      | Reached XP level 5. HP: 39/41 MP: 5/5
  2490 | D:3      | Reached skill level 5 in Dodging
  3175 | D:4      | Found an opulent altar of Gozag.
  3471 | D:4      | Reached skill level 6 in Polearms
  3471 | D:4      | Reached XP level 6. HP: 44/48 MP: 4/6
  3603 | D:4      | Found the +8 trident of the Octopus King {venom, rElec
                  | rPois Will+}
  3909 | D:4      | Found a sacrificial altar of Ru.
  4074 | D:5      | Entered Level 5 of the Dungeon
  4126 | D:5      | Reached XP level 7. HP: 53/54 MP: 7/7
  4166 | D:5      | Reached skill level 7 in Polearms
  4169 | D:5      | Reached XP level 8. HP: 61/61 MP: 8/8
  4199 | D:5      | Reached skill level 5 in Fighting
  4455 | D:5      | Noticed Eustachio
  4467 | D:5      | Killed Eustachio
  4468 | D:5      | Reached skill level 8 in Polearms
  4468 | D:5      | Found a staircase to the Ecumenical Temple.
  4478 | Temple   | Entered the Ecumenical Temple
  4529 | Temple   | Became a worshipper of the Shining One
  5176 | D:6      | Reached XP level 9. HP: 69/69 MP: 9/9
  5266 | D:6      | Reached skill level 9 in Polearms
  5753 | D:7      | Found a shimmering altar of Xom.
  5924 | D:7      | Noticed a five-headed hydra
  5924 | D:7      | Reached * piety under the Shining One
  5937 | D:7      | Killed a five-headed hydra
  5938 | D:7      | Reached skill level 10 in Polearms
  6313 | D:7      | Reached XP level 10. HP: 79/79 MP: 10/10
  6611 | D:7      | Reached skill level 5 in Armour
  6835 | D:7      | Found a shadowy altar of Dithmenos.
  6869 | D:7      | Noticed Duvessa
  6869 | D:7      | Noticed Dowan
  6880 | D:7      | Killed Duvessa
  6883 | D:7      | Killed Dowan
  6908 | D:7      | Found a burning altar of Makhleb.
  7113 | D:8      | Reached skill level 10 in Dodging
  7120 | D:8      | Reached skill level 11 in Polearms
  7459 | D:8      | Reached ** piety under the Shining One
  7568 | D:8      | Noticed a +0 hand axe
  7569 | D:8      | Found a hide-covered altar of Uskayaw.
  7569 | D:8      | Noticed a +0 hand axe
  7744 | D:8      | Noticed Grum
  7749 | D:8      | Killed Grum
  8111 | D:8      | Noticed Maggie
  8120 | D:8      | Killed Maggie
  8456 | D:9      | Reached skill level 1 in Invocations
  8456 | D:9      | Reached XP level 11. HP: 88/89 MP: 11/11
  8492 | D:9      | Noticed Pikel
  8504 | D:9      | Killed Pikel
  8505 | D:9      | Reached skill level 12 in Polearms
  8909 | D:9      | Found a staircase to the Orcish Mines.
  9299 | D:10     | Entered Level 10 of the Dungeon
  9532 | D:10     | Noticed a wizard
  9538 | D:10     | Cast into level 2 of the Abyss (a wizard)
  9669 | Abyss:2  | Noticed a starcursed mass
  9669 | Abyss:2  | Reached *** piety under the Shining One
  9691 | Abyss:2  | Noticed a worldbinder
  9724 | Abyss:2  | Noticed a thrashing horror
  9729 | Abyss:2  | Found a corrupted altar of Lugonu.
  9894 | Abyss:2  | Found a corrupted altar of Lugonu.
  9901 | Abyss:2  | Noticed a lich
 10023 | Abyss:2  | Noticed a large abomination
 10037 | Abyss:2  | Killed a large abomination
 10232 | Abyss:2  | Reached **** piety under the Shining One
 10233 | Abyss:2  | Gained mutation: You sometimes lose the ability to read
                  | scrolls when taking damage. [a neqoxec]
 10324 | Abyss:2  | Noticed a worldbinder
 10326 | Abyss:2  | Noticed an ironbound preserver
 10326 | Abyss:2  | Noticed an ironbound preserver
 10334 | Abyss:2  | Noticed an ironbound preserver
 10343 | Abyss:2  | Noticed an ironbound preserver
 10350 | Abyss:2  | Noticed an ironbound preserver
 10368 | Abyss:2  | Noticed a spatial maelstrom
 10380 | Abyss:2  | Killed a worldbinder
 10385 | Abyss:2  | Reached skill level 10 in Fighting
 10392 | Abyss:2  | Reached skill level 13 in Polearms
 10399 | Abyss:2  | Noticed a thrashing horror
 10412 | Abyss:2  | Killed a thrashing horror
 10428 | Abyss:2  | Reached skill level 5 in Invocations
 10431 | D:10     | Escaped the Abyss
 10657 | D:10     | Noticed a deep elf pyromancer
 10933 | D:10     | Killed a deep elf pyromancer
 10959 | D:10     | Killed a wizard
 10960 | D:10     | Reached XP level 12. HP: 94/98 MP: 14/16
 10997 | D:10     | Noticed a centaur warrior
 11554 | D:10     | Killed a centaur warrior
 12455 | D:11     | Reached skill level 14 in Polearms
 12537 | D:11     | Noticed Erolcha
 12552 | D:11     | Killed Erolcha
 12568 | D:11     | Found a flagged portal.
 12570 | D:11     | Noticed a two-headed ogre
 12578 | D:11     | Killed a two-headed ogre
 12594 | Bailey   | Entered a bailey
 12651 | Bailey   | Found an iron altar of Okawaru.
 13238 | Bailey   | Acquired a manual of Invocations
 13504 | D:11     | Noticed a two-headed ogre
 13511 | D:11     | Killed a two-headed ogre
 13724 | D:11     | Found a staircase to the Lair.
 13874 | D:12     | Reached XP level 13. HP: 98/106 MP: 15/19
 14086 | D:12     | Reached ***** piety under the Shining One
 14087 | D:12     | Reached skill level 15 in Polearms
 15343 | D:12     | Annihilated by a titanic slime creature

Illustrated notes

Levels and vault maps discovered:
D:1:      eino_arrival_cavern_d, layout_basic, serial_shops,
          nicolae_diamond_shop, ebering_ecumenical_altar_petrified, hex_tiny
D:2:      layout_loops_ring, grunt_ministairs_6, uniq_crazy_yiuf_cottage
D:3:      layout_loops_cross, nicolae_yredelemnul_ghost_church
D:4:      kennysheep_spiral_hall, layout_basic, nicolae_ru_path_of_blood,
          grunt_gozag_breadcrumbs
D:5:      old_forge, layout_basic, minmay_temple_entry_crystal_x,
          guppyfry_early_orc_mine, uniq_eustachio
D:6:      layout_cave_pools
D:7:      layout_loops_ring, general_overflow_altar, dk_xom_monty_hall,
          makhleb_blood_cavern_becter, minmay_puff, uniq_duvessa
D:8:      statuecave_lemuel, layout_loops_ring, dancing_weapons_uskayaw,
          uniq_maggie, uniq_grum
D:9:      layout_irregular_city, orc_0_dummy, uniq_pikel
D:10:     minmay_cut_squares, layout_cave_pools, serial_ice, serial_ice_g,
          serial_ice_j, serial_ice_c, serial_ice_b
D:11:     layout_roguey, lair_entry_dummy, lightli_bailey_entry_fortress,
          kennysheep_nondescript, uniq_erolcha
D:12:     layout_roguey
D:13:     layout_basic, kennysheep_nub, kennysheep_opposing_triangles
Temple:   eino_wide_crystal_templ

Skill      XL: |  1  2  3  4  5  6  7  8  9 10 11 12 13 |
---------------+----------------------------------------+-----
Polearms       | 5 6 7 8 10 11 13 14 15 | 15.3
Armour         | 1 2 3 4 5 |  5.8
Fighting       | 3 4 6 7 9 10 11 12 | 12.0
Shields        | 1 2 3 4 |  4.0
Dodging        | 5 6 7 9 10 12 13 14 | 14.2
Invocations    | 1 5 8 9 |  9.5
Throwing       | |  2.0

Action                   |  1- 3 |  4- 6 |  7- 9 | 10-12 | 13-15 || total
-------------------------+-------+-------+-------+-------+-------++-------
Melee: Trident           |    88 |   173 |   191 |   692 |   152 ||  1296
       Tailslap          |       |       |       |     5 |       ||     5
Throw: Throwing net      |     2 |     2 |     1 |       |       ||     5
Invok: Divine Shield     |       |       |       |     1 |     1 ||     2
  Use: Scroll            |     3 |     1 |     6 |    15 |     2 ||    27
       Potion            |       |     4 |       |     5 |       ||     9
 Stab: Sleeping          |     3 |    11 |     1 |       |       ||    15
       Held in net/web   |     1 |     1 |       |       |       ||     2
       Distracted        |       |     1 |       |       |       ||     1
Armor: Leather armour    |    18 |    45 |    50 |    81 |     8 ||   202
       Skin              |       |       |       |     2 |       ||     2
Dodge: Dodged            |    38 |   114 |    84 |   348 |    62 ||   646
Block: Buckler           |       |       |     4 |   115 |    18 ||   137

Table legend: (Time is in decaauts)
 A = Elapsed time spent in this place.
 B = Non-inter-level travel time spent in this place.
 C = Inter-level travel time spent in this place.
 D = Time resting spent in this place.
 E = Time spent auto-exploring this place.
 F = Levels seen in this place.
 G = Mean time per level.
                   A        B        C        D        E       F      G
               +--------+--------+--------+--------+--------+-----+--------+
         Total |  14939 |  14447 |    492 |   1083 |  10949 |  16 |  933.7 |
       Dungeon |  13420 |  12929 |    491 |    888 |  10098 |  13 | 1032.3 |
        Temple |     58 |     58 |      0 |      0 |     42 |   1 |   58.0 |
         Abyss |    859 |    859 |      0 |    195 |    379 |   1 |  859.0 |
        Bailey |    600 |    600 |      0 |      0 |    428 |   1 |  600.0 |
               +--------+--------+--------+--------+--------+-----+--------+

Top non-repeatable levels by time:
     D:9: 1590 daAuts
     D:7: 1485 daAuts
    D:10: 1430 daAuts
    D:12: 1413 daAuts
     D:8: 1274 daAuts
     D:2: 1136 daAuts
     D:3: 1015 daAuts
     D:1: 985 daAuts
     D:4: 943 daAuts
 Abyss:2: 859 daAuts
     D:5: 784 daAuts
    D:11: 680 daAuts
     D:6: 655 daAuts
  Bailey: 600 daAuts
  Temple: 58 daAuts
